 Dungeon Crawl Stone Soup version 0.31.0-11-ge490571c62 (webtiles) character file.

Game seed: 13201856762043403836

16224 SigmundSlayer the Frost Mage (level 12, -8/106 HPs)
             Began as a Pale Draconian Ice Elementalist on Feb 2, 2024.
             Was the Champion of Cheibriados.
             Shot with an arrow by Nessos (22 damage)
             ... on level 12 of the Dungeon.
             The game lasted 00:31:44 (11406 turns).

SigmundSlayer the Frost Mage (DrIE)                Turns: 11406, Time: 00:31:47

Health: -8/106     AC: 25    Str: 26    XL:     12   Next: 8%
Magic:  15/19      EV: 24    Int: 31    God:    Cheibriados [******]
Gold:   872        SH:  7    Dex: 33    Spells: 6/21 levels left

rFire   + . .        b - +8 trident of Daqeumoq {holy, Dex+2}
rCold   + + .        C - +0 buckler {rN+}
rNeg    + . .        (body armour unavailable)
rPois   +            (helmet restricted)
rElec   +            q - +0 cloak
rCorr   +            G - +1 pair of gloves
SInv    .            e - +2 pair of boots
Will    .....        y - amulet of regeneration
Stlth   +++          x - ring of protection from fire
HPRegen 1.17/turn    l - ring of ice
MPRegen 0.16/turn

%: no passive effects
@: lethally poisoned (-8 -> -9), ice-armoured, resistant, invisible, very slow
A: breathe steam, AC +8, unfitting armour, cold-blooded, steam resistance
a: Breathe Steam, Renounce Religion, Bend Time, Temporal Distortion, Slouch,
Step From Time


You were on level 12 of the Dungeon.
You worshipped Cheibriados.
Cheibriados was exalted by your worship.
You visited 1 branch of the dungeon, and saw 13 of its levels.

You collected 872 gold pieces.

Inventory:

Hand Weapons
 a - a +3 long sword of freezing
 b - the +8 trident of Daqeumoq (weapon) {holy, Dex+2}
   (You found it on level 10 of the Dungeon)

   Dex+2:     It affects your dexterity (+2).
Missiles
 k - 3 throwing nets
Armour
 e - a +2 pair of boots (worn)
 q - a +0 cloak (worn)
 C - a +0 buckler of positive energy (worn)
 G - a +1 pair of gloves (worn)
Magical Staves
 H - a staff of cold
Jewellery
 d - a ring of wizardry
 h - a ring of resist corrosion
 l - a ring of ice (right hand)
 m - a ring of see invisible
 x - a ring of protection from fire (left hand)
 y - an amulet of regeneration (around neck)
 F - a ring of protection from fire
Wands
 j - a wand of polymorph (22)
 n - a wand of charming (11)
 v - a wand of mindburst (7)
Scrolls
 c - 2 scrolls of silence
 f - 2 scrolls of vulnerability
 g - 5 scrolls of blinking
 D - 5 scrolls of teleportation
 I - a scroll of identify
 J - a scroll of poison
Potions
 o - a potion of mutation
 p - 2 potions of might
 r - a potion of berserk rage
 s - 3 potions of attraction
 z - 2 potions of enlightenment
 A - a potion of cancellation
 E - 4 potions of ambrosia
Miscellaneous
 B - a box of beasts (inert)


   Skills:
 - Level 10.0 Fighting
 - Level 5.2 Long Blades
 - Level 3.0 Polearms
 - Level 10.0 Dodging
 - Level 1.7 Stealth
 + Level 2.5 Shields
 - Level 5.0 Spellcasting
 - Level 5.0 Necromancy
 - Level 10.0 Ice Magic
 - Level 5.0 Invocations


You had 6 spell levels left.
You knew the following spells:

 Your Spells              Type           Power      Damage    Failure   Level
a - Freeze                Ice            100%       1d10      1%          1
b - Frozen Ramparts       Ice            100%       1d16      1%          3
c - Ozocubu's Armour      Ice            81%        N/A       1%          3
d - Fugue of the Fallen   Necr           38%        N/A       2%          3
e - Curse of Agony        Necr           38%        N/A       22%         5

Your spell library contained the following spells:

 Spells                   Type           Power      Damage    Failure   Level
 Necrotise                Necr           100%       1d9       1%          1
 Sublimation of Blood     Necr           38%        N/A       1%          2
 Kiss of Death            Conj/Necr      92%        2d12      2%          1
 Hailstorm                Conj/Ice       55%        3d11      2%          3
 Summon Ice Beast         Ice/Summ       55%        N/A       2%          3
 Vampiric Draining        Necr           38%        2d8       2%          3
 Apportation              Tloc           14%        N/A       6%          1
 Sting                    Conj/Alch      28%        1d4       6%          1
 Summon Small Mammal      Summ           28%        N/A       6%          1
 Dispel Undead            Necr           38%        3d16      9%          4
 Blink                    Tloc           14%        N/A       10%         2
 Lesser Beckoning         Tloc           14%        N/A       10%         2
 Momentum Strike          Conj/Tloc      14%        3d8       10%         2
 Confusing Touch          Hex            7%         N/A       19%         3
 Stone Arrow              Conj/Erth      14%        3d7       19%         3
 Tukima's Dance           Hex            7%         N/A       19%         3
 Anguish                  Hex/Necr       11%        N/A       22%         4
 Martyr's Knell           Necr/Summ      23%        N/A       22%         4
 Metabolic Englaciation   Hex/Ice        27%        N/A       22%         5
 Cause Fear               Hex            3%         N/A       54%         4
 Leda's Liquefaction      Alch/Erth      3%         N/A       54%         4
 Manifold Assault         Tloc           7%         N/A       54%         4
 Passage of Golubria      Tloc           7%         N/A       54%         4
 Petrify                  Alch/Erth      7%         N/A       54%         4
 Summon Lightning Spire   Summ/Air       7%         N/A       54%         4
 Borgnjor's Vile Clutch   Necr/Erth      11%        N/A       54%         5
 Alistair's Intoxication  Alch           4%         N/A       87%         5
 Fireball                 Conj/Fire      3%         3d4       87%         5
 Irradiate                Conj/Alch      3%         3d12      87%         5
 Lee's Rapid Deconstruct  Erth           3%         3d5*      87%         5
 Yara's Violent Unravell  Hex/Alch       3%         3d4       87%         5
 Bombard                  Conj/Erth      3%         9d1       100%        6
 Eringya's Noxious Bog    Alch           3%         4d6       100%        6
 Enfeeble                 Hex            3%         N/A       100%        7
 Animate Armour           Summ/Erth      Unusable   N/A       N/A         4

Dungeon Overview and Level Annotations

Branches:
Dungeon (13/15)            Temple (0/1) D:6            Lair (0/5) D:11
    Orc (0/2) D:10
 Vaults: D:13-14

Altars:
Cheibriados
Fedhas
Hepliaklqana
Makhleb
Ru
Wu Jian
The Shining One

Shops:
D:2 [   D:7 (

Annotations:
D:4 3 runed translucent doors, boberto's ghost, amateur MfCj
D:12 Nessos


Innate Abilities, Weirdness & Mutations

You can breathe blasts of scalding, opaque steam.
Your pale cyan-grey scales are hard. (AC +8)
You cannot fit into any form of body armour.
You are cold-blooded and may be slowed by cold attacks.
You are immune to the effects of steam.


Message History

Aim: Nessos, wielding a +2 longbow of flaming and wearing a +0 barding (moderately wounded, fast, blind, unable to see you, 83% to hit)
The bolt of light hits Nessos!
Nessos is moderately wounded.
You feel very sick.
Nessos shoots an arrow.
The arrow completely misses you.
Aiming: Bolt of Light
Press: ? - help, Shift-Dir - straight line, f/p - Nessos
Aim: Nessos, wielding a +2 longbow of flaming and wearing a +0 barding (moderately wounded, fast, blind, unable to see you, 83% to hit)
The bolt of light hits Nessos!
Nessos is heavily wounded.
You feel very sick.
The wall freezes Nessos.
Nessos shoots an arrow.
The arrow closely misses you.
Reactivating autopickup.
You feel a bit more experienced.
The wall freezes Nessos.
Aiming: Bolt of Light
Press: ? - help, Shift-Dir - straight line, f/p - Nessos
Aim: Nessos, wielding a +2 longbow of flaming and wearing a +0 barding (heavily wounded, fast, blind, unable to see you, 83% to hit)
The bolt of light hits Nessos.
Nessos is severely wounded.
You feel sick.
Nessos shoots an arrow.
The arrow closely misses you.
Nessos shoots an arrow.
You block the arrow.
Aiming: Bolt of Light
Press: ? - help, Shift-Dir - straight line, f/p - Nessos
Aim: Nessos, wielding a +2 longbow of flaming and wearing a +0 barding (severely wounded, fast, blind, unable to see you, 83% to hit)
The bolt of light hits Nessos.
Nessos is severely wounded.
The now-empty wand crumbles to dust.
You feel sick.
Nessos shoots an arrow.
You block the arrow.
Aiming: Polymorph
Press: ? - help, Shift-Dir - straight line, f/p - Nessos
Aim: Nessos, wielding a +2 longbow of flaming and wearing a +0 barding (severely wounded, fast, blind, unable to see you, will become a swamp dragon, a sun moth, or a manticore, chance to affect: 49%) Nessos resists with some effort.
The frozen ramparts melt away.
You feel sick.
Nessos shoots an arrow.
The arrow hits you.
* * * LOW HITPOINT WARNING * * *
Nessos shoots an arrow.
The arrow hits you!
* * * LOW HITPOINT WARNING * * *
The arrow burns you.
* * * LOW HITPOINT WARNING * * *
Nessos shoots an arrow.
The arrow hits you!!
You die...

......!.####### ...#.##.##
.......§§........ ..........
.......c.§........#
###.#.##.. ........# #.##
#....... ......c.#
###..####....... #######.#
#............... #####.###
#............##.
#.....).#####........>######
#......c...@.........##
#........###.........#
#.......## ##.......##
#.......# #.#####.#
#.......# #..####.#
#.......# ##......#
######### ########


You could see Nessos (fast, blind, unable to see you).

Vanquished Creatures
  Fannar (D:11)
  A hydra (D:10)
  A centaur warrior (D:13)
  3 two-headed ogres
  A tengu warrior (D:9)
  The ghost of TheBioAlchemist the Shield-Bearer, a novice FoFi (D:5)
  An ugly thing (D:13)
  Maurice (D:7)
  An elephant (D:11)
  3 gargoyles
  Jeremiah (D:8)
  A komodo dragon (D:5)
  3 kobold demonologists (D:12)
  4 trolls
  A queen bee (D:10)
  Sigmund (D:6)
  2 shadows
  2 wraiths
  6 yaks
  A basilisk (D:12)
  5 vampire mosquitoes (D:12)
  2 steam dragons
  Duvessa (D:6)
  2 orc warriors (D:9)
  A black bear (D:11)
  A sky beast (D:7)
  2 centaurs
  3 phantoms
  7 kobold brigands
  3 bullfrogs
  2 scorpions
  11 wights
  Dowan (D:6)
  15 killer bees (D:10)
  7 howler monkeys
  A vampire bat (D:5)
  A jelly (D:7)
  2 bombardier beetles
  4 hounds
  3 orc priests
  2 sleepcaps
  3 iguanas
  5 orc wizards
  18 gnolls
  7 adders
  3 shadow imps
  2 white imps
  2 ufetubi (D:7)
  5 ribbon worms
  A dart slug (D:4)
  3 fire bats (D:5)
  19 orcs
  2 spectral bats (D:5)
  3 bat skeletons (D:5)
  A bat zombie (D:5)
  7 endoplasms
  2 giant cockroaches (D:3)
  7 goblins
  13 hobgoblins
  4 jackals (D:4)
  5 quokkas
  3 training dummies (D:7)
  8 ball pythons
  15 bats
  A bat simulacrum (D:5)
  5 frilled lizards
  57 kobolds
  5 rats
318 creatures vanquished.

Vanquished Creatures (others)
  An unseen horror (D:12)
  A shadow (D:13)
2 creatures vanquished.

Grand Total: 320 creatures vanquished

Notes
Turn   | Place    | Note
-------+----------+-------------------------------------------
     0 | D:1      | SigmundSlayer the Draconian Ice Elementalist began the
                  | quest for the Orb.
     0 | D:1      | Reached XP level 1. HP: 14/14 MP: 3/3
   204 | D:1      | Reached skill level 1 in Fighting
   293 | D:1      | Reached XP level 2. HP: 23/23 MP: 3/5
  1148 | D:2      | Found a faded altar of an unknown god.
  1172 | D:2      | Prayed at the altar of an unknown god.
  1172 | D:2      | Became a worshipper of Cheibriados the Contemplative
  1172 | D:2      | Reached * piety under Cheibriados
  1281 | D:2      | You fall into a shaft and drop 2 floors!
  1294 | D:4      | Reached skill level 5 in Ice Magic
  1294 | D:4      | Reached XP level 3. HP: 23/28 MP: 6/6
  1316 | D:4      | Found an ornate altar of the Wu Jian Council.
  1387 | D:3      | Found a glowing golden altar of the Shining One.
  1511 | D:3      | Reached skill level 1 in Invocations
  1515 | D:3      | Reached XP level 4. HP: 35/35 MP: 0/7
  1645 | D:2      | Reached ** piety under Cheibriados
  1852 | D:2      | Found Wicenael's Armour Shop.
  1946 | D:2      | Reached XP level 5. HP: 40/40 MP: 8/8
  2407 | D:3      | Got the Secrets of Violent Lithomancy
  2733 | D:4      | Learned a level 3 spell: Frozen Ramparts
  2737 | D:4      | Learned a level 3 spell: Ozocubu's Armour
  2779 | D:4      | Found a runed translucent gate.
  2781 | D:4      | Found a runed translucent gate.
  2781 | D:4      | Found a runed translucent gate.
  2783 | D:4      | Noticed boberto's ghost (amateur MfCj)
  3106 | D:4      | Found a blossoming altar of Fedhas.
  3193 | D:4      | Reached XP level 6. HP: 47/47 MP: 5/9
  3225 | D:4      | Reached *** piety under Cheibriados
  3308 | D:4      | Reached **** piety under Cheibriados
  3751 | D:5      | Entered Level 5 of the Dungeon
  3834 | D:5      | Your scales start taking on a pale cyan-grey colour.
  3834 | D:5      | Reached XP level 7. HP: 53/53 MP: 7/11
  3834 | D:5      | Gained mutation: You are immune to the effects of steam.
                  | [Pale Draconian growth]
  3879 | D:5      | Found a sacrificial altar of Ru.
  3974 | D:5      | Reached ***** piety under Cheibriados
  4274 | D:5      | Noticed a komodo dragon
  4282 | D:5      | Noticed TheBioAlchemist's ghost (novice FoFi)
  4294 | D:5      | Found a runed translucent gate.
  4294 | D:5      | Found a runed translucent gate.
  4294 | D:5      | Found a runed translucent gate.
  4319 | D:5      | Killed a komodo dragon
  4320 | D:5      | Reached skill level 1 in Polearms
  4320 | D:5      | Reached XP level 8. HP: 49/63 MP: 5/12
  4325 | D:5      | Killed TheBioAlchemist's ghost
  4506 | D:5      | Found a snail-covered altar of Cheibriados.
  4511 | D:5      | Learned a level 3 spell: Fugue of the Fallen
  4651 | D:5      | Reached skill level 1 in Necromancy
  4651 | D:5      | Reached skill level 5 in Invocations
  5114 | D:6      | Noticed Dowan
  5115 | D:6      | Noticed Duvessa
  5126 | D:6      | Killed Dowan
  5149 | D:6      | Killed Duvessa
  5252 | D:6      | Found a staircase to the Ecumenical Temple.
  5319 | D:6      | Reached ****** piety under Cheibriados
  5397 | D:6      | Reached XP level 9. HP: 68/69 MP: 14/14
  5571 | D:6      | Noticed Sigmund
  5584 | D:6      | Killed Sigmund
  6015 | D:7      | Found Xiad's Firing Range.
  6156 | D:7      | Found a flagged portal.
  6480 | D:7      | Noticed Maurice
  6493 | D:7      | Something stole a ring of wizardry
  6495 | D:7      | Something stole 3 throwing nets
  6498 | D:7      | Something stole 556 gold
  6499 | D:7      | Something stole 70 gold
  6506 | D:7      | Killed Maurice
  6623 | D:7      | Reached skill level 5 in Spellcasting
  6828 | D:7      | Found a hazy altar of Hepliaklqana.
  6864 | D:7      | Learned a level 5 spell: Curse of Agony
  6923 | D:7      | Reached skill level 10 in Ice Magic
  7010 | D:7      | Found a burning altar of Makhleb.
  7094 | D:7      | Reached skill level 5 in Necromancy
  7501 | D:8      | Noticed Jeremiah
  7532 | D:8      | Killed Jeremiah
  7560 | D:8      | Reached skill level 5 in Dodging
  7781 | D:8      | Reached XP level 10. HP: 77/77 MP: 10/17
  8336 | D:9      | Noticed a two-headed ogre
  8350 | D:9      | Killed a two-headed ogre
  8495 | D:9      | Identified the +11 long sword of Harmony {chaos, rF+ rN+}
  8498 | D:9      | Noticed a tengu warrior
  8499 | D:9      | Noticed a two-headed ogre
  8641 | D:9      | Killed a tengu warrior
  8698 | D:9      | Identified the +4 robe "Huemp" {Will++ Str-2}
  8731 | D:9      | Killed a two-headed ogre
  9106 | D:10     | Entered Level 10 of the Dungeon
  9116 | D:10     | Found a staircase to the Orcish Mines.
  9138 | D:10     | Identified the +8 trident of Daqeumoq {holy, Dex+2}
  9182 | D:10     | Reached skill level 10 in Dodging
  9182 | D:10     | Reached XP level 11. HP: 57/82 MP: 18/18
  9498 | D:10     | Noticed a five-headed hydra
  9510 | D:10     | Killed a five-headed hydra
  9732 | D:10     | Reached skill level 5 in Fighting
 10207 | D:11     | Noticed Fannar
 10250 | D:11     | Killed Fannar
 10654 | D:11     | Found a staircase to the Lair.
 10673 | D:11     | Reached skill level 5 in Long Blades
 10961 | D:12     | Noticed a two-headed ogre
 10979 | D:12     | Killed a two-headed ogre
 10986 | D:12     | Noticed a sixfirhy
 11212 | D:12     | Noticed Nessos
 11235 | D:13     | Noticed a cyan ugly thing
 11310 | D:13     | Killed a cyan ugly thing
 11311 | D:13     | Reached XP level 12. HP: 106/106 MP: 12/19
 11350 | D:13     | Noticed a centaur warrior
 11364 | D:13     | Killed a centaur warrior
 11365 | D:13     | Reached skill level 10 in Fighting
 11406 | D:12     | Shot with an arrow by Nessos

Illustrated notes

Levels and vault maps discovered:
D:1:      scummos_arrival_checkerplants, layout_loops_cross,
          nicolae_houndstooth_variations
D:2:      layout_basic, nicolae_ecumenical_lake_church, serial_shops, shop,
          minmay_3d_cube
D:3:      layout_basic, nicolae_overflow_hidden_temple, serial_glass,
          glass_columns_a, glass_columns_a, nicolae_grassy_gnolls
D:4:      minmay_goblin_kobold_castle, layout_basic, kennysheep_mini,
          nzn_wu_jian_contemplation, gammafunk_ghost_nasty_kobolds,
          minmay_strange_pillars
D:5:      layout_rooms, kennysheep_little_box, slow_altar_1,
          gammafunk_ghost_split, goddamned_bats
D:6:      layout_gridville, minmay_temple_entry_overgrown,
          minmay_gold_behind_fungi, lexackson_kobold_supper, uniq_duvessa,
          uniq_sigmund
D:7:      layout_gridville, chequers_temple_overflow_statue_of_worship,
          enter_bailey_8, nicolae_shop_firing_range, uniq_maurice
D:8:      layout_basic, uniq_jeremiah
D:9:      layout_basic, minmay_mirror_moons_of_madness
D:10:     layout_roguey, orc_0_dummy, special_room [special_room_bee]
D:11:     layout_roguey, grunt_lair_entry_orc_guard_hut, uniq_fannar
D:12:     layout_rooms, uniq_gastronok, uniq_nessos
D:13:     layout_rooms, uniq_snorg

Skill      XL: |  1  2  3  4  5  6  7  8  9 10 11 12 |
---------------+-------------------------------------+-----
Dodging        | 2 3 5 10 | 10.0
Fighting       | 1 3 9 10 | 10.0
Ice Magic      | 5 6 7 8 9 10 | 10.0
Invocations    | 1 2 3 5 |  5.0
Spellcasting   | 3 5 |  5.0
Polearms       | 1 3 |  3.0
Necromancy     | 2 5 |  5.0
Long Blades    | 5 |  5.2
Shields        | 2 |  2.5
Stealth        | |  1.7

Action                     |  1- 3 |  4- 6 |  7- 9 | 10-12 || total
---------------------------+-------+-------+-------+-------++-------
  Melee: Unarmed           |    20 |       |       |       ||    20
         Tailslap          |     4 |    15 |    30 |    59 ||   108
         Spear             |    22 |   181 |   248 |    69 ||   520
         Punch             |       |     4 |     3 |       ||     7
         Long sword        |       |       |       |    92 ||    92
         Trident           |       |       |       |    78 ||    78
   Cast: Freeze            |    34 |       |       |     2 ||    36
         Frozen Ramparts   |       |    11 |    17 |    27 ||    55
         Ozocubu's Armour  |       |     2 |     6 |    19 ||    27
         Fugue of the Fall |       |       |       |     2 ||     2
  Evoke: Wand              |       |       |     8 |    18 ||    26
         Box of beasts     |       |       |       |     2 ||     2
    Use: Scroll            |     5 |     3 |     9 |     7 ||    24
         Potion            |       |       |     2 |     6 ||     8
   Stab: Sleeping          |     5 |     7 |    19 |     2 ||    33
         Distracted        |       |       |     2 |       ||     2
 Armour: Skin              |    27 |    82 |   154 |   162 ||   425
  Dodge: Dodged            |    46 |    93 |   173 |   292 ||   604
  Block: Buckler           |       |       |       |    69 ||    69
